[Event "Hastings Masters"]
[Site "Horntye Park Sports Complex, "]
[Date "2012.01.04"]
[Round "8.1"]
[White "Wang, Yue"]
[Black "Vovk, Andrey"]
[Result "1-0"]
[WhiteElo "2697"]
[BlackElo "2551"]
[PlyCount "75"]
[EventDate "2012.??.??"]
[TimeControl "120+24"]
[BlackClock "0:14:46"]

1. d4 Nf6 2. c4 g6 3. Nc3 Bg7 4. e4 d6 5. Nf3 O-O 6. Be2 e5 7. Be3 exd4 8. Nxd4
Re8 9. f3 c6 10. Bf2 d5 11. exd5 cxd5 12. O-O Nc6 13. c5 Nh5 14. Qd2 Be5 15. g3
Ng7 16. Rfd1 Bf5 17. Bb5 Bd7 18. Nb3 Ne7 19. Bxd7 Qxd7 20. Nxd5 Nxd5 21. Qxd5
Qxd5 22. Rxd5 Bxb2 23. Rb1 Bf6 24. Nd2 Re7 25. Ne4 Ne8 26. Rbd1 Kf8 27. Rd7 Rc8
28. g4 Be5 29. c6 b6 30. Ng5 Rc7 31. Nxh7+ Kg7 32. Rxe7 Rxe7 33. Rd7 Bd6 34.
Ng5 Bb4 35. Bd4+ f6 36. Ne6+ Kf7 37. c7 Nxc7 38. Rxe7+ 1-0

[Event "Hastings Masters"]
[Site "Horntye Park Sports Complex, "]
[Date "2012.01.04"]
[Round "8.2"]
[White "Shyam, Sundar M"]
[Black "Edouard, Romain"]
[Result "1-0"]
[WhiteElo "2462"]
[BlackElo "2621"]
[PlyCount "41"]
[EventDate "2012.??.??"]
[TimeControl "120+31"]
[WhiteClock "1:39:00"]
[BlackClock "0:16:44"]

1. e4 c5 2. Nf3 d6 3. d4 cxd4 4. Nxd4 Nf6 5. Nc3 a6 6. Be3 Qc7 7. h3 b5 8. Nd5
Nxd5 9. exd5 Bb7 10. c4 bxc4 11. Qa4+ Qd7 12. Qxc4 g6 13. Be2 h5 14. Bd1 Qd8
15. Ba4+ Nd7 16. Ne6 Rc8 17. Qb4 fxe6 18. Bb6 a5 19. Qxa5 Rc5 20. Bxd8 Rxa5 21.
Bxa5 1-0

[Event "Hastings Masters"]
[Site "Horntye Park Sports Complex, "]
[Date "2012.01.04"]
[Round "8.3"]
[White "Lalith, Babu M.R"]
[Black "Sengupta, Deep"]
[Result "1-0"]
[WhiteElo "2484"]
[BlackElo "2562"]
[PlyCount "63"]
[EventDate "2012.??.??"]
[TimeControl "120+24"]
[WhiteClock "1:40:00"]
[BlackClock "0:01:00"]

1. Nf3 d5 2. d4 e6 3. c4 c6 4. g3 Nf6 5. Bg2 Bb4+ 6. Bd2 Be7 7. O-O O-O 8. Bf4
b6 9. Nc3 Ba6 10. cxd5 cxd5 11. Ne5 Bb7 12. Rc1 Nfd7 13. Nb5 Nxe5 14. dxe5 Nd7
15. h4 h6 16. h5 Bc5 17. Qd2 a5 18. a3 Ba6 19. Nc3 Be7 20. Rb1 Rc8 21. Rfd1 Bg5
22. e4 Nxe5 23. Bxg5 hxg5 24. exd5 exd5 25. Nxd5 Re8 26. Rbc1 Rxc1 27. Rxc1 Bb7
28. Rd1 Bc8 29. Qc3 Bg4 30. Rd4 Qb8 31. h6 Re6 32. Rxg4 1-0

[Event "Hastings Masters"]
[Site "Horntye Park Sports Complex, "]
[Date "2012.01.04"]
[Round "8.4"]
[White "Istratescu, Andrei"]
[Black "Flear, Glenn C"]
[Result "1-0"]
[WhiteElo "2627"]
[BlackElo "2472"]
[PlyCount "109"]
[EventDate "2012.??.??"]
[TimeControl "120+29"]
[WhiteClock "1:40:00"]
[BlackClock "0:14:46"]

1. e4 e5 2. Nf3 Nc6 3. Bb5 a6 4. Ba4 Nf6 5. O-O Be7 6. Re1 b5 7. Bb3 d6 8. c3
O-O 9. h3 Na5 10. Bc2 c5 11. d4 Nd7 12. Nbd2 exd4 13. cxd4 Nc6 14. d5 Nce5 15.
a4 Bb7 16. Nxe5 Nxe5 17. f4 Ng6 18. Nf3 Re8 19. g3 Bf6 20. Ra3 Qd7 21. Kg2 Rad8
22. axb5 axb5 23. h4 Ra8 24. Rxa8 Bxa8 25. h5 Nf8 26. h6 g6 27. b4 cxb4 28. Bd2
Qc7 29. Bxb4 Nd7 30. Bd3 Nc5 31. Qc2 Rc8 32. Rc1 Be7 33. Qb2 Bf8 34. Qf6 Qd8
35. Qxd8 Rxd8 36. Bxc5 dxc5 37. Bxb5 Bxh6 38. Rxc5 Bf8 39. Rc7 Bd6 40. Rd7 Rxd7
41. Bxd7 Bb7 42. Bc6 Ba6 43. e5 Bc5 44. d6 h6 45. Nd2 Bd3 46. Kf3 Kf8 47. g4
Bb6 48. Ne4 Bd4 49. Nf6 Bc4 50. Ke4 Bg1 51. f5 gxf5+ 52. gxf5 Bf1 53. Kf4 Bd3
54. Nd5 Bh2+ 55. Kg4 1-0